AoeStats
← Ziko

Black Forest

510769608Analyzed
3v3 RM · 14h ago on Oct 2, 2026· 57m 51s· 6 players
Game mode
Random Map
Map size
Normal (6 player)
Population
200
Speed
Normal
Resources
Standard
Victory
Conquest
Starting age
Dark Age
Ending age
Imperial Age
RankedLock teamsTeams togetherTeam positionsShared explorationLock speedFull tech treeHidden civsTurbo modeCheats
Victory
Defeat
🇫🇷 Danes · France
1382
+10
🇫🇷 Mapuche · France
1378
+10
🇫🇷 Goths · France
962
+26
🇧🇪 Britons · Belgium
1257
-16
🇫🇷 Ethiopians · France
1234
-16
🇨🇳 Celts · China
1187
-14
AF_Atlantis_PAL
1:10 Loom
12:47 Feudal Age
17:48 Castle Age
18:55 Town Watch
20:56 Horse Collar
21:31 Double-Bit Axe
27:11 Caravan
28:45 Wheelbarrow
34:55 Imperial Age
33:00 Fletching
33:10 Padded Archer Armor
35:31 Elite Longbowman
37:19 Pikeman
38:00 Squires
39:50 Bodkin Arrow
40:57 Pikeman
44:16 Chemistry
43:36 Ballistics
46:32 Bracer
46:47 Leather Archer Armor
46:44 Forging
46:34 Scale Mail Armor
46:11 Halberdier
48:56 Yeomen
52:54 Conscription
52:40 Elite Skirmisher
Teiko
1:05 Loom
14:05 Feudal Age
17:58 Castle Age
15:43 Horse Collar
16:33 Double-Bit Axe
20:37 Bow Saw
20:32 Town Watch
22:06 Heavy Plow
24:47 Wheelbarrow
32:14 Imperial Age
29:40 Fishing Lines
30:04 Gold Mining
30:11 Stone Mining
31:04 Hand Cart
31:21 Fletching
31:31 Padded Archer Armor
31:58 Bodkin Arrow
32:28 Ballistics
32:46 Town Patrol
32:40 Crossbowman
34:24 Chemistry
33:27 Bracer
33:42 Leather Archer Armor
33:53 Conscription
33:37 Arbalester
34:22 Thumb Ring
34:45 Gillnets
35:09 Masonry
36:10 Ring Archer Armor
37:10 Siege Engineers
37:00 Elite Skirmisher
38:35 Gold Shaft Mining
38:15 Scale Barding Armor
38:22 Forging
38:18 Husbandry
40:30 Heavy Camel Rider
41:40 Chain Barding Armor
41:55 Iron Casting
41:27 Royal Heirs
ybsngs
1:56 Loom
11:44 Feudal Age
16:31 Castle Age
15:04 Double-Bit Axe
15:12 Gold Mining
16:41 Fishing Lines
17:39 Gillnets
20:42 Fervor
21:50 Wheelbarrow
23:17 Hand Cart
22:49 Town Watch
28:12 Imperial Age
26:10 Pikeman
26:36 Gambesons
26:37 Arson
26:53 Scale Mail Armor
27:04 Forging
26:44 Fletching
27:43 Bow Saw
27:13 Horse Collar
29:01 Heavy Plow
29:37 Iron Casting
29:18 Chain Mail Armor
28:59 Bodkin Arrow
28:56 Halberdier
32:13 Plate Mail Armor
32:43 Blast Furnace
32:38 Onager
34:47 Elite Woad Raider
35:19 Stronghold
36:29 Furor Celtica
36:39 Conscription
40:59 Siege Onager
41:34 Heavy Scorpion
45:19 Chemistry
44:40 Ballistics
50:15 Capped Ram
53:46 Murder Holes
54:02 Masonry
53:46 Siege Ram
Ziko
1:09 Loom
11:35 Feudal Age
15:17 Castle Age
14:37 Double-Bit Axe
14:37 Horse Collar
16:43 Bow Saw
17:06 Heavy Plow
22:38 Wheelbarrow
25:22 Hand Cart
29:49 Imperial Age
28:35 Fletching
29:08 Ballistics
29:31 Bodkin Arrow
30:12 Padded Archer Armor
31:54 Chemistry
30:16 Elite Bolas Rider
32:01 Crop Rotation
31:58 Leather Archer Armor
31:11 Pikeman
34:23 Ring Archer Armor
33:58 Malon
34:04 Butalmapu
34:03 Malon
34:48 Caravan
37:04 Forging
36:55 Scale Mail Armor
41:09 Gold Mining
41:11 Stone Mining
41:58 Iron Casting
41:38 Chain Mail Armor
47:24 Champi Runner
49:18 Blast Furnace
48:48 Plate Mail Armor
49:08 Champi Warrior
50:50 Elite Champi Warrior
Tom
0:49 Loom
12:00 Feudal Age
15:32 Castle Age
14:03 Double-Bit Axe
14:33 Horse Collar
16:51 Bow Saw
21:42 Wheelbarrow
22:38 Heavy Plow
25:28 Gold Mining
25:29 Stone Mining
27:15 Hand Cart
29:55 Imperial Age
28:51 Stone Shaft Mining
28:52 Gold Shaft Mining
30:09 Scale Mail Armor
30:19 Forging
30:38 Caravan
30:08 Capped Ram
31:11 Conscription
32:17 Chain Mail Armor
32:38 Iron Casting
32:04 Siege Ram
32:49 Squires
32:35 Gambesons
32:36 Arson
33:59 Plate Mail Armor
33:42 Northmen's Fury
36:41 Fletching
37:52 Blast Furnace
37:49 Masonry
37:31 Elite Jomsviking
38:10 Elite Jomsviking
39:25 Bodkin Arrow
39:34 Hamask
40:30 Bracer
42:15 Hoardings
42:05 Ballistics
46:42 Chemistry
45:54 Siege Engineers
50:14 Padded Archer Armor
50:20 Scale Barding Armor
50:09 Onager
58:35 Chemistry
58:15 Leather Archer Armor
david.moldes
0:28 Loom
11:29 Feudal Age
16:22 Castle Age
18:52 Double-Bit Axe
19:01 Gold Mining
20:53 Horse Collar
22:39 Wheelbarrow
22:38 Stone Mining
23:59 Scale Barding Armor
24:14 Bow Saw
25:07 Town Watch
25:32 Scale Mail Armor
25:43 Forging
26:47 Stone Shaft Mining
28:01 Hand Cart
29:07 Pikeman
29:47 Squires
31:04 Anarchy
35:25 Imperial Age
37:02 Perfusion
37:04 Capped Ram
38:08 Caravan
38:30 Halberdier
38:32 Man-at-Arms
40:29 Conscription
39:42 Sappers
42:12 Heavy Plow
42:29 Chain Mail Armor
42:50 Iron Casting
42:06 Fletching
42:17 Padded Archer Armor
42:37 Chain Barding Armor
49:59 Blast Furnace
49:14 Leather Archer Armor
48:55 Bodkin Arrow
53:22 Elite Huskarl
Connection lost

Rejoining the realm…

Still unreachable

The connection could not be restored.

Session expired

The server has moved on; the page needs a fresh start.